[Event "*** Titled Tuesday Blitz"]
[Site "Chess.com"]
[Date "2020.10.27"]
[Round "4"]
[White "Zq1"]
[Black "BikingBrian"]
[Result "1-0"]
[WhiteElo "2495"]
[BlackElo "2266"]
[TimeControl "180+1"]
[EndTime "10:37:05 PDT"]
[Termination "Zq1 won by resignation"]

1. d4 Nf6 2. c4 g6 3. Nc3 Bg7 4. e4 d6 5. Nf3 O-O 6. Be2 Na6 7. O-O e5 8. Re1 c6 9. Bf1 exd4 10. Nxd4 Ng4 11.
h3 Qb6 12. hxg4 Qxd4 13. g5 f5 14. gxf6 Bxf6 15. Be3 Qxd1 16. Raxd1 Nb4 17. Rxd6 Nc2 18. Re2 Nxe3 19. Rxe3 Be5 20. Rd1 Bg4 21. Be2 Bxe2 22. Rxe2 c5 23. Nd5 Bd4 24. g3 Rf3 25. Kg2 Raf8 26.
Rdd2 h5 27. Nf4 R3xf4 28. gxf4 Rxf4 29. f3 h4 30. Rxd4 cxd4 31. Rd2 h3+ 32. Kg3 g5 33. Rxd4 h2 34. Rd1 Rh4 35. Rh1 Kf7 36. Rxh2 Rf4 37.
Rh7+ Ke6 38. Rxb7 1-0

[Event "*** Titled Tuesday Blitz"]
[Site "Chess.com"]
[Date "2020.10.27"]
[Round "4"]
[White "keepitcoming"]
[Black "gagtemp"]
[Result "0-1"]
[WhiteElo "2540"]
[BlackElo "1972"]
[TimeControl "180+1"]
[EndTime "10:37:06 PDT"]
[Termination "gagtemp won by resignation"]

1. d4 Nf6 2. c4 g6 3. Nc3 Bg7 4. e4 d6 5. f3 O-O 6. Nge2 Nc6 7.
Be3 e5 8. d5 Ne7 9. Qd2 c6 10.
Ng3 cxd5 11. cxd5 h5 12. Bg5 Nh7 13. Bh6 Bd7 14. Bxg7 Kxg7 15. Bd3 h4 16. Nge2 f5 17. exf5 gxf5 18. O-O Kh8 19. Qh6 Rg8 20. Qxh4 Rg7 21. Ng3 Qg8 22. Rf2 Ng6 23. Qh6 Rf8 24. Re1 Nf4 25.
Bf1 Rg6 26. Qh4 Rg5 27. Kh1 Qg6 28. Nce2 Nd3 0-1

[Event "*** Titled Tuesday Blitz"]
[Site "Chess.com"]
[Date "2020.10.27"]
[Round "4"]
[White "elohunter1999"]
[Black "VitaliyBernadskiy"]
[Result "0-1"]
[WhiteElo "2521"]
[BlackElo "2751"]
[TimeControl "180+1"]
[EndTime "10:37:08 PDT"]
[Termination "VitaliyBernadskiy won by resignation"]

1. e4 e5 2. Nf3 Nc6 3. Bc4 Bc5 4. c3 Nf6 5. d3 d6 6. O-O Bb6 7. a4 h6 8. Re1 a6 9. Nbd2 Ne7 10.
Nf1 Ng6 11. Ng3 O-O 12. h3 Be6 13. Bxe6 fxe6 14. b4 Qe7 15. Be3 Rf7 16. Bxb6 cxb6 17. d4 Nd7 18. Re3 Raf8 19. Ra2 Nf4 20. dxe5 Nxe5 21.
Nxe5 dxe5 22. Kh2 Qg5 23. Rf3 Rd8 24. Qe1 h5 25. Qf1 h4 26. Ra1 Rfd7 27. Ne2 Rd1 28. Rxd1 Rxd1 29. Nxf4 Rxf1 30. Nxe6 Qc1 31. Rf8+ Kh7 0-1

[Event "*** Titled Tuesday Blitz"]
[Site "Chess.com"]
[Date "2020.10.27"]
[Round "4"]
[White "Fischerev7"]
[Black "TheCairnTerrier"]
[Result "1-0"]
[WhiteElo "2414"]
[BlackElo "2184"]
[TimeControl "180+1"]
[EndTime "10:37:09 PDT"]
[Termination "Fischerev7 won by resignation"]

1. e4 c5 2. Nf3 e6 3. d4 cxd4 4. Nxd4 Nf6 5. Nc3 d6 6. Bg5 Be7 7. Qd2 h6 8. Bh4 Nc6 9. Ndb5 a6 10. Bxf6 gxf6 11. Nd4 Bd7 12. f4 b5 13. Nxc6 Bxc6 14. a3 Qb6 15. f5 Rg8 16. fxe6 fxe6 17. Be2 Kd7 18. Bf3 Rg5 19. h4 Rg3 20. Qxh6 Rag8 21. Qd2 Bf8 22. h5 R3g5 23. h6 Rh8 24. O-O-O Bxh6 25.
Qxd6+ Kc8 26. Qxe6+ Kb7 27. Kb1 b4 28. axb4 Qxb4 29.
Nd5 Bxd5 30. exd5 Rb8 31. Rxh6 Ka7 32. Rh7+ Rb7 33. Rxb7+ Kxb7 34. d6+ 1-0

[Event "*** Titled Tuesday Blitz"]
[Site "Chess.com"]
[Date "2020.10.27"]
[Round "4"]
[White "olksuna"]
[Black "Brave_spirit12"]
[Result "0-1"]
[WhiteElo "2618"]
[BlackElo "2490"]
[TimeControl "180+1"]
[EndTime "10:37:10 PDT"]
[Termination "Brave_spirit12 won on time"]

1. e4 e6 2. b3 c5 3. Bb2 Nc6 4.
Nf3 d5 5. exd5 exd5 6. Bb5 Nf6 7. Qe2+ Be7 8. Bxf6 gxf6 9. O-O Be6 10. d4 Rg8 11.
Re1 Qd7 12. Nc3 O-O-O 13. Rad1 Qc7 14. dxc5 Bxc5 15. Bxc6 Qxc6 16. Nb5 d4 17. g3 Bg4 18. Nbxd4 Bxd4 19. Nxd4 Rxd4 20. f3 Bxf3 0-1

[Event "*** Titled Tuesday Blitz"]
[Site "Chess.com"]
[Date "2020.10.27"]
[Round "4"]
[White "eCztery"]
[Black "Khnykin_Nikolay"]
[Result "1/2-1/2"]
[WhiteElo "2272"]
[BlackElo "2057"]
[TimeControl "180+1"]
[EndTime "10:37:12 PDT"]
[Termination "Game drawn by agreement"]

1. e4 e6 2. d4 d5 3. exd5 exd5 4. Nf3 Nf6 5. c4 Bb4+ 6. Nc3 O-O 7. Be2 Ne4 8. O-O Nxc3 9. bxc3 Bxc3 10. Rb1 Re8 11.
c5 Nc6 12. Bd3 Bg4 13. Bxh7+ Kh8 14. Bc2 Nxd4 15. Qd3 Nxc2 16. Qxc3 Bf5 17. Bh6 f6 18. Bf4 d4 19. Qd2 Na3 20. Rxb7 Qd5 21. Rxc7 Rad8 22. Bh6 Rg8 23. Bxg7+ Rxg7 24. Qh6+ Rh7 25. Qxf6+ Kg8 26. Rxh7 Bxh7 27. h4 Rf8 28. Qh6 1/2-1/2

[Event "*** Titled Tuesday Blitz"]
[Site "Chess.com"]
[Date "2020.10.27"]
[Round "4"]
[White "smshk35"]
[Black "DinaBelenkaya"]
[Result "0-1"]
[WhiteElo "2472"]
[BlackElo "2346"]
[TimeControl "180+1"]
[EndTime "10:37:17 PDT"]
[Termination "DinaBelenkaya won by checkmate"]

1. e4 d5 2. exd5 Qxd5 3. Nc3 Qa5 4. Nf3 Nf6 5. d4 c6 6. Bc4 Bf5 7. Ne5 e6 8. g4 Be4 9. f3 Bd5 10.
Bxd5 Nxd5 11. Bd2 Qb6 12. Nxd5 cxd5 13. Bc3 Nc6 14. Nxc6 bxc6 15. Qd2 h5 16. g5 Qa6 17. Qe2 Qxe2+ 18. Kxe2 Bd6 19. a4 Kd7 20. b4 a6 21.
h3 Rhb8 22. Rab1 Rb7 23. Rb3 Rab8 24. Rhb1 g6 25. Kf2 Bf4 26. h4 Kc8 27. Be1 Kd7 28.
Kg2 e5 29. Bg3 Bxg3 30. Kxg3 exd4 31. Kf4 Kd6 32. R1b2 Ke6 33. Rb1 f6 34. Re1+ Kf7 35.
Reb1 fxg5+ 36. Kxg5 Kg7 37. Re1 Rf8 38. Re5 Rbf7 39. b5 Rf5+ 40. Rxf5 Rxf5# 0-1

[Event "*** Titled Tuesday Blitz"]
[Site "Chess.com"]
[Date "2020.10.27"]
[Round "4"]
[White "Sibelephant"]
[Black "AndrewMaco"]
[Result "1/2-1/2"]
[WhiteElo "3075"]
[BlackElo "2661"]
[TimeControl "180+1"]
[EndTime "10:37:20 PDT"]
[Termination "Game drawn by repetition"]

1. c4 Nf6 2. Nc3 e5 3. g3 Bb4 4. Bg2 O-O 5. e4 c6 6. Nge2 Re8 7.
O-O a6 8. d3 b5 9. Be3 Bb7 10. h3 d5 11. exd5 cxd5 12. Bg5 e4 13.
Nxd5 Bxd5 14. cxd5 h6 15. Bxf6 Qxf6 16. dxe4 Qxb2 17.
Rb1 Qa3 18. Qb3 Qxb3 19. Rxb3 Bd6 20. Rc1 Nd7 21. Rc6 Bf8 22. Rbc3 Ne5 23. Rc7 Bd6 24. Rb7 Nc4 25. Nd4 Be5 26. Rd3 Nb2 27. Rd2 Nc4 28. Rd3 Nb2 29. Rd2 Nc4 30. Rd3 1/2-1/2

[Event "*** Titled Tuesday Blitz"]
[Site "Chess.com"]
[Date "2020.10.27"]
[Round "4"]
[White "redbaron8888"]
[Black "kai_nov"]
[Result "1-0"]
[WhiteElo "2495"]
[BlackElo "2304"]
[TimeControl "180+1"]
[EndTime "10:37:20 PDT"]
[Termination "redbaron8888 won on time"]

1. e4 c5 2. Nf3 Nc6 3. Bb5 e6 4. O-O Nge7 5. c3 a6 6. Ba4 b5 7.
Bc2 Bb7 8. Re1 Ng6 9. d4 cxd4 10. cxd4 Rc8 11. Nc3 Na5 12. a3 Be7 13. d5 d6 14.
dxe6 fxe6 15. Nd4 Qd7 16. Qg4 e5 17. Nf5 Bf6 18. Rd1 Rc6 19. h4 Nxh4 20. Bg5 Nxf5 21. exf5 O-O 22. Bxf6 Rxf6 23. Nd5 Rf7 24. Be4 Rc4 25. Rac1 Nb3 26. Rxc4 bxc4 27. Qe2 Nc5 28. Qxc4 Nxe4 29. Qxe4 Qb5 30. b4 h6 31. f6 1-0

[Event "*** Titled Tuesday Blitz"]
[Site "Chess.com"]
[Date "2020.10.27"]
[Round "4"]
[White "Angel_Hranitel_37"]
[Black "BJthechessgod"]
[Result "0-1"]
[WhiteElo "2447"]
[BlackElo "2299"]
[TimeControl "180+1"]
[EndTime "10:37:20 PDT"]
[Termination "BJthechessgod won by checkmate"]

1. d4 Nf6 2. Nf3 e6 3. c4 b6 4. g3 Bb7 5. Bg2 Be7 6. O-O O-O 7. Qc2 d5 8. Ne5 Nbd7 9. Nc3 c6 10. e4 dxc4 11. Nxc4 c5 12. Be3 cxd4 13. Bxd4 Rc8 14. b3 Ba6 15. e5 Nd5 16. Nxd5 exd5 17. Bxd5 b5 18. e6 Nf6 19. exf7+ Kh8 20. Bxf6 Bxf6 21.
Rad1 bxc4 22. Bxc4 Qb6 23. Qf5 Bxc4 24. bxc4 Rxc4 25.
Rfe1 g6 26. Re8 gxf5 27. Rxf8+ Kg7 28. Ra8 Kxf7 29. Rd7+ Ke6 30. Rxh7 Rc1+ 31. Kg2 Qc6+ 32. f3 Qxa8 33. g4 fxg4 34. Kg3 Qxf3# 0-1

[Event "*** Titled Tuesday Blitz"]
[Site "Chess.com"]
[Date "2020.10.27"]
[Round "4"]
[White "Bwert2602"]
[Black "RU_B9"]
[Result "1-0"]
[WhiteElo "2216"]
[BlackElo "1722"]
[TimeControl "180+1"]
[EndTime "10:37:20 PDT"]
[Termination "Bwert2602 won by resignation"]

1. e4 c5 2. Nf3 Nc6 3. Bb5 g6 4. O-O Bg7 5. Re1 e5 6. c3 Nge7 7. d4 exd4 8. cxd4 Nxd4 9. Nxd4 cxd4 10. Bf4 O-O 11. Bd6 Re8 12. Na3 Qb6 13. e5 a6 14.
Bc4 Nf5 15. Qf3 Nxd6 16. exd6 Re6 17. Bxe6 dxe6 18. Nc4 Qc6 19. Qxc6 bxc6 20. Nb6 Rb8 21. d7 Bb7 22. Rad1 c5 23. b4 cxb4 24. Rc1 Bf6 25.
Rc8+ Bxc8 26. dxc8=Q+ 1-0

[Event "*** Titled Tuesday Blitz"]
[Site "Chess.com"]
[Date "2020.10.27"]
[Round "4"]
[White "Aleksey_Sorokin"]
[Black "ftorodent"]
[Result "1-0"]
[WhiteElo "2846"]
[BlackElo "2675"]
[TimeControl "180+1"]
[EndTime "10:37:22 PDT"]
[Termination "Aleksey_Sorokin won by checkmate"]

1. d4 d5 2. c4 e6 3. Nf3 Nf6 4.
g3 Be7 5. Bg2 O-O 6. Qc2 c5 7. O-O b6 8. Rd1 Bb7 9. cxd5 exd5 10.
Nc3 Nbd7 11. Bf4 a6 12. dxc5 bxc5 13. Ne5 Nb6 14. b3 Qc8 15. Rac1 d4 16. Ne4 Nxe4 17. Bxe4 Bxe4 18. Qxe4 Qe6 19. Qc6 Rac8 20. Qxe6 fxe6 21.
Rc2 Nd5 22. Bd2 Bd6 23. Nd3 Rc6 24. Rdc1 Rfc8 25. f4 Kf7 26. Kf2 Ke7 27. e4 dxe3+ 28. Bxe3 Nxe3 29. Kxe3 Kd7 30. Ke4 Ke7 31. Rc4 R8c7 32.
Ra4 Rb6 33. Rcc4 Rc8 34. Ra5 Rbc6 35. Nb2 Kf6 36. Raa4 g5 37. fxg5+ Kxg5 38. Ke3 Rf8 39. Nd3 Rc7 40. Rh4 Rg7 41. Rxa6 Rd8 42. Raa4 Rgd7 43.
Nf2 Be5 44. Rag4+ Kf6 45. Ne4+ Kf5 46. Rg5# 1-0

[Event "*** Titled Tuesday Blitz"]
[Site "Chess.com"]
[Date "2020.10.27"]
[Round "4"]
[White "JozefKneht"]
[Black "verdest"]
[Result "1-0"]
[WhiteElo "2413"]
[BlackElo "2625"]
[TimeControl "180+1"]
[EndTime "10:37:24 PDT"]
[Termination "JozefKneht won by resignation"]

1. Nf3 Nf6 2. c4 e6 3. g3 d5 4. b3 c5 5. Bg2 Nc6 6. O-O d4 7. e3 Be7 8. exd4 cxd4 9. Re1 O-O 10. d3 a5 11. a3 Nd7 12. Nbd2 Nc5 13. Ne4 Nxe4 14.
Rxe4 f5 15. Re1 Bd6 16. Bf4 Qc7 17. Bxd6 Qxd6 18. Qe2 Ra6 19. Ne5 Nxe5 20. Qxe5 Qxe5 21. Rxe5 Rb6 22. Rb1 Bd7 23. Rxa5 Bc6 24. Bxc6 bxc6 25. b4 Kf7 26. a4 Kf6 27. b5 c5 28. Ra7 e5 29. a5 Rbb8 30. Rc7 e4 31. Rxc5 Rfe8 32. Rd5 exd3 33. Rxd4 Rbd8 34. Rxd8 Rxd8 35. a6 d2 36. a7 d1=Q+ 37. Rxd1 Rxd1+ 38. Kg2 1-0

[Event "*** Titled Tuesday Blitz"]
[Site "Chess.com"]
[Date "2020.10.27"]
[Round "4"]
[White "kakakz"]
[Black "manitodeplomo"]
[Result "0-1"]
[WhiteElo "2389"]
[BlackElo "2637"]
[TimeControl "180+1"]
[EndTime "10:37:24 PDT"]
[Termination "manitodeplomo won by resignation"]

1. d4 c5 2. d5 g6 3. Nc3 Bg7 4.
e4 d6 5. Be2 Nf6 6. Nf3 O-O 7.
O-O Na6 8. Nd2 Nc7 9. a4 b6 10. Nc4 Ba6 11. Ne3 Bxe2 12. Qxe2 a6 13. f4 e6 14.
dxe6 fxe6 15. Rd1 Qe7 16. Nc4 Nxe4 17. Nxe4 d5 18. Nxb6 Rab8 19. a5 dxe4 20. Qxe4 Rfd8 21. Re1 Rd4 22. Qe2 Rbd8 23. c3 Rd3 24. Be3 c4 25.
Nxc4 Qd7 26. Kh1 Qb5 27. Nb6 Nd5 28. Nxd5 exd5 29. h3 Re8 30. Qf2 Re4 31. Bd4 Bxd4 32. Rxe4 Bxf2 33. Re2 Rxh3+ 0-1

[Event "*** Titled Tuesday Blitz"]
[Site "Chess.com"]
[Date "2020.10.27"]
[Round "4"]
[White "BrandonJacobson"]
[Black "Abdimalik_Abdisalimov"]
[Result "1-0"]
[WhiteElo "2952"]
[BlackElo "2751"]
[TimeControl "180+1"]
[EndTime "10:37:25 PDT"]
[Termination "BrandonJacobson won by resignation"]

1. d4 Nf6 2. c4 g6 3. Nc3 Bg7 4. e4 O-O 5. h3 d6 6. Be3 Na6 7. g4 c5 8. Nge2 Be6 9. b3 b5 10.
cxb5 cxd4 11. Nxd4 Nc5 12. e5 Nfe4 13. Nxe4 Nxe4 14. Nc6 Qd7 15. Bg2 d5 16. Rc1 f5 17.
exf6 Bxf6 18. Bxe4 dxe4 19. Qxd7 Bxd7 20. Ke2 Rfc8 21. Rhd1 a6 22. Rxd7 1-0

[Event "*** Titled Tuesday Blitz"]
[Site "Chess.com"]
[Date "2020.10.27"]
[Round "4"]
[White "YoungUzbek"]
[Black "kuli4ik"]
[Result "1-0"]
[WhiteElo "2776"]
[BlackElo "2878"]
[TimeControl "180+1"]
[EndTime "10:37:29 PDT"]
[Termination "YoungUzbek won by resignation"]

1. d4 e6 2. Nf3 Nf6 3. Bg5 h6 4. Bh4 c5 5. Nbd2 cxd4 6. Nxd4 Be7 7. e4 d6 8. Bd3 a6 9. O-O Nbd7 10. c3 Qc7 11. f4 b6 12. Qe2 Bb7 13. Rae1 Nc5 14. Bc2 Rd8 15. e5 Nd5 16. Bxe7 Nxe7 17. f5 dxe5 18. fxe6 exd4 19. cxd4 Nxe6 20. Rxf7 Bd5 21. Bg6 Kd7 22. Bf5 Qd6 23. Nc4 Bxc4 24. Qxc4 Rdf8 25.
Rxe6 Rxf7 26. Rxd6+ Kxd6 1-0

[Event "*** Titled Tuesday Blitz"]
[Site "Chess.com"]
[Date "2020.10.27"]
[Round "4"]
[White "gixfantastix"]
[Black "Artem_0degov"]
[Result "0-1"]
[WhiteElo "2101"]
[BlackElo "2404"]
[TimeControl "180+1"]
[EndTime "10:37:29 PDT"]
[Termination "Artem_0degov won by resignation"]

1. e4 c6 2. Nc3 d5 3. Qe2 dxe4 4. Nxe4 Nf6 5. d3 Bf5 6. Bd2 Bg6 7. O-O-O e6 8. g4 Nbd7 9. h3 Qb6 10. f4 Bxe4 11.
dxe4 O-O-O 12. Nf3 Nc5 13. Ne5 Qc7 14. Bg2 Bd6 15.
Nc4 Bxf4 16. e5 Nd5 17. Bxd5 Bxd2+ 18. Rxd2 Rxd5 19. Nd6+ Kb8 20. Rf1 Rf8 21. Qc4 Rxd2 22. Kxd2 Nd7 23. Nxf7 Nxe5 24. Qxe6 Nxf7 0-1

[Event "*** Titled Tuesday Blitz"]
[Site "Chess.com"]
[Date "2020.10.27"]
[Round "4"]
[White "kukola"]
[Black "Morshynska"]
[Result "0-1"]
[WhiteElo "1669"]
[BlackElo "2205"]
[TimeControl "180+1"]
[EndTime "10:37:31 PDT"]
[Termination "Morshynska won by resignation"]

1. e4 e5 2. Nf3 Nc6 3. d4 exd4 4. Bc4 Bc5 5. c3 Nf6 6. cxd4 Bb4+ 7. Bd2 Bxd2+ 8.
Nbxd2 d5 9. exd5 Nxd5 10. Qe2+ Be6 11. Bxd5 Qxd5 12. Nb3 O-O-O 13. O-O Rhe8 14. Qd2 Bg4 15.
Qf4 Bxf3 16. gxf3 Re6 17. Rad1 Kb8 18. Kh1 Rf6 19. Qe4 Rxf3 20. Qxd5 Rxd5 21. Rfe1 Rxf2 22. Nc5 Rxb2 23. Re8+ Rd8 24. d5 Rxe8 25. dxc6 bxc6 26. Nd7+ Kc8 27. Nc5 Rxa2 0-1

[Event "*** Titled Tuesday Blitz"]
[Site "Chess.com"]
[Date "2020.10.27"]
[Round "4"]
[White "DanielDardha2005"]
[Black "AsaHoffmann"]
[Result "1-0"]
[WhiteElo "2636"]
[BlackElo "2366"]
[TimeControl "180+1"]
[EndTime "10:37:34 PDT"]
[Termination "DanielDardha2005 won by resignation"]

1. d4 Nf6 2. c4 c5 3. d5 e5 4. Nc3 d6 5. g3 Be7 6. Bg2 O-O 7.
Nf3 Ne8 8. e4 f5 9. exf5 Bxf5 10. O-O Nf6 11. Bg5 Nbd7 12. Bxf6 Nxf6 13. Ng5 Qd7 14.
Nge4 Nxe4 15. Nxe4 Bxe4 16. Bxe4 g6 17. Qd3 Kg7 18. Kg2 Rf6 19. h4 Raf8 20. f3 a6 21. Rab1 b5 22. b4 Rb8 23. Qc3 Qc7 24. cxb5 axb5 25.
bxc5 Qxc5 26. Rfc1 b4 27. Qd2 Qa5 28. h5 Rf7 29.
hxg6 hxg6 30. Rh1 g5 31. Rh7+ Kf6 32. Rh6+ Kg7 33. Rbh1 Rg8 34. Qc2 Qc5 35. Qa4 g4 36. Rg6+ 1-0

[Event "*** Titled Tuesday Blitz"]
[Site "Chess.com"]
[Date "2020.10.27"]
[Round "4"]
[White "GelmanAlexander"]
[Black "Genghis_K"]
[Result "1/2-1/2"]
[WhiteElo "2579"]
[BlackElo "2855"]
[TimeControl "180+1"]
[EndTime "10:37:35 PDT"]
[Termination "Game drawn by repetition"]

1. d4 Nf6 2. Nc3 d5 3. Bf4 c5 4. e3 cxd4 5. exd4 a6 6. Nf3 Nc6 7. Ne5 Bd7 8. Be2 Qb6 9. Nxc6 Bxc6 10. Rb1 e6 11. O-O Be7 12. Qd3 O-O 13. Rfd1 Rfc8 14. Qg3 Be8 15. Be5 g6 16. h4 Ne4 17. Nxe4 dxe4 18. c3 Bb5 19. Bxb5 Qxb5 20. h5 Qd5 21. b3 b5 22. hxg6 hxg6 23. Qf4 f6 24. Qh6 fxe5 25.
Qxg6+ Kf8 26. Qh6+ Kf7 27. Qh7+ Kf8 28. Qh6+ Kf7 29.
Qh7+ Kf8 30. Qh6+ 1/2-1/2

[Event "*** Titled Tuesday Blitz"]
[Site "Chess.com"]
[Date "2020.10.27"]
[Round "4"]
[White "PhileKhoob"]
[Black "ViktoriyaTarasova"]
[Result "1-0"]
[WhiteElo "2447"]
[BlackElo "2259"]
[TimeControl "180+1"]
[EndTime "10:37:35 PDT"]
[Termination "PhileKhoob won by resignation"]

1. e4 e5 2. Nf3 Nc6 3. d4 exd4 4.
Nxd4 Nf6 5. Nxc6 bxc6 6. e5 Qe7 7. Qe2 Nd5 8. c4 Nb6 9. b3 a5 10. Bb2 a4 11. Nd2 axb3 12. axb3 Rxa1+ 13. Bxa1 Qa3 14. Qd1 Bb4 15. Bd3 O-O 16. O-O Qa5 17. Ne4 h6 18. Qe2 d5 19. exd6 cxd6 20. Nf6+ gxf6 21. Qe4 Bf5 22.
Qxf5 Qxf5 23. Bxf5 Kg7 24. Rd1 Ra8 25. h4 Ra2 26. g4 Bc5 27. g5 hxg5 28. hxg5 Bxf2+ 29. Kh1 Bh4 30. Bxf6+ Kf8 31. Rxd6 Ra8 32. Rxc6 1-0

[Event "*** Titled Tuesday Blitz"]
[Site "Chess.com"]
[Date "2020.10.27"]
[Round "4"]
[White "guillembaches"]
[Black "PawnEatingZombie"]
[Result "1-0"]
[WhiteElo "2404"]
[BlackElo "2171"]
[TimeControl "180+1"]
[EndTime "10:37:35 PDT"]
[Termination "guillembaches won by resignation"]

1. e4 c6 2. d4 d5 3. exd5 cxd5 4. Bd3 Nc6 5. c3 Qc7 6. h3 Nf6 7. Nf3 g6 8. O-O Bf5 9. Be2 Bg7 10. Re1 O-O 11.
Nbd2 h5 12. Nf1 Rad8 13. Ne3 Be4 14. Ng5 h4 15. Nxe4 Nxe4 16. Bf3 f5 17. Qb3 e6 18. Nf1 Kh7 19. Qd1 e5 20. dxe5 Nxe5 21. Ne3 d4 22. cxd4 Rxd4 23. Qe2 Ng5 24. Bd5 Rd8 25.
Rd1 Rxd1+ 26. Qxd1 Nef3+ 27. gxf3 Nxh3+ 28. Kg2 Nf4+ 29. Kf1 Nxd5 30. Nxd5 Qh2 31. Bg5 Rd7 32. Nf6+ Bxf6 33.
Qxd7+ 1-0

[Event "*** Titled Tuesday Blitz"]
[Site "Chess.com"]
[Date "2020.10.27"]
[Round "4"]
[White "jamalm2"]
[Black "tylityli"]
[Result "0-1"]
[WhiteElo "1943"]
[BlackElo "2243"]
[TimeControl "180+1"]
[EndTime "10:37:35 PDT"]
[Termination "tylityli won on time"]

1. g3 d5 2. Bg2 Nc6 3. Nf3 e5 4. d3 h5 5. h3 Be7 6. Nbd2 h4 7. g4 f5 8. gxf5 Bxf5 9. e4 Be6 10.
b3 Nf6 11. Bb2 d4 12. Ng5 Bg8 13. Nc4 Qd7 14. Qe2 O-O-O 15. O-O-O Nh5 16. Nf3 Nf4 17.
Qf1 Bf6 18. Kb1 g5 19. Nh2 Be6 20. Nf3 b5 21. Na3 a6 22. Ka1 Kb7 23. Nb1 a5 24. Nbd2 g4 25. Ng1 Ra8 26. f3 g3 27.
Ne2 Nxe2 28. Qxe2 Bg5 29. c4 b4 30. c5 a4 31. bxa4 Rxa4 32. Nc4 Bxc4 33. dxc4 Rha8 0-1

[Event "*** Titled Tuesday Blitz"]
[Site "Chess.com"]
[Date "2020.10.27"]
[Round "4"]
[White "KaterinaMiroshnik"]
[Black "cassoulet"]
[Result "1-0"]
[WhiteElo "2509"]
[BlackElo "2659"]
[TimeControl "180+1"]
[EndTime "10:37:36 PDT"]
[Termination "KaterinaMiroshnik won by resignation"]

1. d3 e5 2. Nf3 Nc6 3. Nbd2 g6 4.
e4 Bg7 5. Be2 Nf6 6. O-O O-O 7. c3 d5 8. Qc2 Re8 9. Re1 a6 10. b3 h6 11. Bb2 Bg4 12. a3 Qd7 13. b4 Rad8 14. a4 Nh5 15. Bf1 Nf4 16. h3 Be6 17. Rad1 d4 18. b5 axb5 19. axb5 Na5 20. c4 Ra8 21. Ra1 b6 22. Kh2 g5 23. Nb3 Nxb3 24.
Qxb3 g4 25. Ng1 h5 26. Ra6 Bh6 27. Rea1 Rac8 28. Bc1 Bg7 29. g3 Nxh3 30. Nxh3 gxh3 31. Qd1 Bg4 32. f3 Be6 33. Qe1 f5 34. Bd2 fxe4 35.
Qxe4 Rf8 36. Bb4 Rf6 37. Ra8 Bf5 38. Rxc8+ Qxc8 39. Ra8 Bxe4 40. Rxc8+ Kh7 41. dxe4 Rxf3 42.
Bxh3 d3 43. Bf5+ Rxf5 44. exf5 e4 45. Re8 1-0

[Event "*** Titled Tuesday Blitz"]
[Site "Chess.com"]
[Date "2020.10.27"]
[Round "4"]
[White "BursaBBSatranc"]
[Black "Sankalp_Gupta2003"]
[Result "0-1"]
[WhiteElo "2508"]
[BlackElo "2708"]
[TimeControl "180+1"]
[EndTime "10:37:38 PDT"]
[Termination "Sankalp_Gupta2003 won by resignation"]

1. d4 Nf6 2. Nf3 g6 3. Bf4 Bg7 4. e3 O-O 5. h3 d6 6. Be2 b6 7. O-O Bb7 8. c3 Nbd7 9. Nbd2 Re8 10. a4 e5 11. Bh2 e4 12. Ne1 a5 13.
Nc2 h5 14. Na3 h4 15. Nb5 Nh7 16. Qb3 Nb8 17. Bc4 Qd7 18. Rae1 Na6 19. Be2 Ng5 20. Bg4 Qe7 21. Qc2 Kh7 22. Bf4 Rad8 23. Qb1 f5 24. Be2 Ne6 25. Bh2 Bh6 26. b4 axb4 27. cxb4 d5 28. Rc1 c6 29. Nc3 Nxb4 30. Qb2 f4 31. Nd1 Rf8 32. Bg4 Nd3 33. Qb1 Nxc1 34. Qxc1 c5 35.
dxc5 Nxc5 36. Nc3 fxe3 0-1

[Event "*** Titled Tuesday Blitz"]
[Site "Chess.com"]
[Date "2020.10.27"]
[Round "4"]
[White "bsnsun"]
[Black "sara_khm"]
[Result "1-0"]
[WhiteElo "2452"]
[BlackElo "2576"]
[TimeControl "180+1"]
[EndTime "10:37:38 PDT"]
[Termination "bsnsun won by resignation"]

1. d4 Nf6 2. c4 e6 3. Nf3 b6 4. a3 Ba6 5. Qc2 c5 6. d5 exd5 7. cxd5 g6 8. Nc3 Bg7 9. g3 O-O 10. Bg2 d6 11. O-O b5 12. Rd1 Nbd7 13. Bf4 Qb6 14. e4 Rfe8 15. Nd2 c4 16. a4 Ng4 17. Rf1 b4 18. Nb5 Bxb5 19. axb5 b3 20. Qxc4 Bxb2 21. Rab1 Bd4 22. Qe2 Ngf6 23. Qd3 b2 24. Nc4 1-0

[Event "*** Titled Tuesday Blitz"]
[Site "Chess.com"]
[Date "2020.10.27"]
[Round "4"]
[White "Resignify"]
[Black "Sokoloco"]
[Result "0-1"]
[WhiteElo "2198"]
[BlackElo "2488"]
[TimeControl "180+1"]
[EndTime "10:37:39 PDT"]
[Termination "Sokoloco won on time"]

1. e4 g6 2. Nf3 Bg7 3. c3 d6 4. d4 a6 5. a4 b6 6. Bd3 Bb7 7. O-O c5 8. Re1 cxd4 9. cxd4 Nc6 10. Nc3 Nf6 11. e5 dxe5 12. dxe5 Nd5 13. e6 fxe6 14.
Rxe6 Nxc3 15. bxc3 O-O 16. Qc2 Rc8 17. Ba3 Qd5 18.
Rae1 Nd4 19. Be4 Qxe6 0-1

[Event "*** Titled Tuesday Blitz"]
[Site "Chess.com"]
[Date "2020.10.27"]
[Round "4"]
[White "CheckThis4"]
[Black "Zhuu96"]
[Result "0-1"]
[WhiteElo "2579"]
[BlackElo "2880"]
[TimeControl "180+1"]
[EndTime "10:37:40 PDT"]
[Termination "Zhuu96 won by resignation"]

1. d4 Nf6 2. Bg5 d5 3. e3 Bf5 4. Bxf6 exf6 5. g3 Nd7 6. Bg2 Nb6 7. Ne2 Qd7 8. h3 h5 9. b3 O-O-O 10. a4 Kb8 11. a5 Nc8 12. a6 b6 13. c4 Bb4+ 14. Nbc3 Ne7 15. Ra4 c5 16. Rxb4 cxb4 17. Nb5 Rc8 18. Qd2 dxc4 19. Qxb4 cxb3 20. O-O Bd3 21. Nec3 Bxf1 22. Kxf1 Rxc3 23. Nxc3 Rc8 24. Qxb3 Qe6 25. Nd5 Nxd5 26. Bxd5 Qxh3+ 27. Ke2 Qf5 28. e4 Qg4+ 29. Kf1 Rc1+ 30. Kg2 Qd1 31. Qxd1 Rxd1 32. Bxf7 Rxd4 33. Kf3 Ra4 34. Bxh5 Rxa6 35. Ke3 Ra4 36.
f4 Kc7 37. e5 fxe5 38. fxe5 a5 39. Be8 Rb4 40. e6 Kd6 41. Bd7 a4 42. Kd3 a3 43.
Kc3 Rb1 0-1

[Event "*** Titled Tuesday Blitz"]
[Site "Chess.com"]
[Date "2020.10.27"]
[Round "4"]
[White "MattyDPerrine"]
[Black "DenisQ"]
[Result "1-0"]
[WhiteElo "2485"]
[BlackElo "2645"]
[TimeControl "180+1"]
[EndTime "10:37:41 PDT"]
[Termination "MattyDPerrine won by resignation"]

1. e4 c6 2. Nc3 d5 3. Nf3 Bg4 4. h3 Bh5 5. g4 dxe4 6. Nxe4 Bg6 7. Qe2 e6 8. d4 Be7 9. h4 h6 10. c3 Nd7 11. Bf4 Bxe4 12. Qxe4 Ngf6 13. Qc2 Nxg4 14.
Rg1 h5 15. Bh3 Ndf6 16. O-O-O Qa5 17. b4 Qa3+ 18. Kb1 a5 19. Bc1 axb4 20. Bxa3 Rxa3 21. Rd3 Nd5 22. Bxg4 Nxc3+ 23. Rxc3 Rxc3 24. Qe2 hxg4 25. Rxg4 g6 26. Ne5 Rh5 27. Nxg6 fxg6 28. Qxe6 Rf5 29. Rxg6 Rcf3 30. Rg8+ Rf8 31. Rxf8+ Rxf8 32. Qg6+ Kd7 33.
Qg4+ Kd8 34. f4 Bf6 35. f5 Rh8 36. h5 Ke7 37. Qg6 Bxd4 38. Qe6+ 1-0

[Event "*** Titled Tuesday Blitz"]
[Site "Chess.com"]
[Date "2020.10.27"]
[Round "4"]
[White "Firouzja2003"]
[Black "Chernobay_Artem"]
[Result "1-0"]
[WhiteElo "3064"]
[BlackElo "2600"]
[TimeControl "180+1"]
[EndTime "10:37:43 PDT"]
[Termination "Firouzja2003 won by resignation"]

1. a3 e5 2. e3 Nf6 3. d4 e4 4. c4 c6 5. Nc3 d5 6. Qb3 a6 7. Nh3 b5 8. cxd5 cxd5 9. Nf4 Be6 10. Bd2 Be7 11. Rc1 O-O 12. Be2 Nbd7 13. Nxe6 fxe6 14. O-O Nb6 15. a4 Nc4 16. Rfd1 Rb8 17.
axb5 axb5 18. Ra1 Qd7 19. Be1 Bd6 20. Ra6 Ne8 21. Rda1 Nc7 22. Ra7 Qc6 23. g3 Rf7 24. Qc2 Rbf8 25. b3 Na3 26. Qb2 b4 27. Na4 Ncb5 28.
Rxf7 Rxf7 29. Rc1 Qe8 30. Nc5 Bxc5 31. dxc5 Nc7 32. Bxb4 Nab5 33. Ba5 Qf8 34. Bf1 h5 35. b4 h4 36. Bxc7 Nxc7 37. b5 hxg3 38. hxg3 e5 39.
b6 Ne8 40. b7 1-0